 Dungeon Crawl Stone Soup version 0.28.0 (webtiles) character file.

Game seed: 16373049003379050665

1117 bande the Chopper (level 8, -1/49 HPs)
             Began as a Gargoyle Fighter on Feb 15, 2022.
             Slain by Prince Ribbit (6 damage)
             ... on level 6 of the Dungeon.
             The game lasted 00:10:39 (6665 turns).

bande the Chopper (Gargoyle Fighter)                Turns: 6665, Time: 00:10:40

Health: -1/49      AC: 15    Str: 20    XL:     8   Next: 34%
Magic:  8/8        EV:  9    Int:  9    God:
Gold:   2236       SH:  5    Dex: 11    Spells: 7/7 levels left

rFire   + . .      SeeInvis .   a - +0 war axe
rCold   . . .      Faith    .   c - +0 buckler
rNeg    + . .      Spirit   .   b - +0 scale mail
rPois   ∞          Reflect  .   l - +1 helmet
rElec   +          Harm     .   (no cloak)
rCorr   .          Rampage  .   (no gloves)
Will    .....                   (no boots)
Stlth   ..........              (no amulet)
HPRegen 0.16/turn               j - ring of protection from fire
MPRegen 0.11/turn               (no ring)

@: no status effects
A: sickness immunity, AC +5, negative energy resistance 1, electricity
resistance, torment resistance 1, petrification resistance
a: no special abilities


You were on level 6 of the Dungeon.
You visited 1 branch of the dungeon, and saw 6 of its levels.

You collected 2236 gold pieces.

Inventory:

Hand Weapons
 a - a +0 war axe (weapon)
 k - a +0 flail
Armour
 b - a +0 scale mail (worn)
 c - a +0 buckler (worn)
 l - a +1 helmet (worn)
Jewellery
 j - a ring of protection from fire (left hand)
Scrolls
 g - a scroll of identify
 m - a scroll of fog
 n - a scroll of teleportation
 p - a scroll of amnesia
Potions
 d - a potion of might
 e - 3 potions of cancellation {unknown}
 f - 6 potions of curing
 h - 2 potions of degeneration {unknown}
 i - a potion of haste {unknown}
 o - a potion of heal wounds {unknown}
 q - 2 potions of resistance {unknown}


   Skills:
 + Level 5.2 Fighting
 + Level 6.7 Axes
 + Level 5.7 Armour
 - Level 0.2 Dodging
 + Level 4.4 Shields


You had 7 spell levels left.
You didn't know any spells.
Your spell library contained the following spells:

 Spells                   Type           Power      Damage    Failure   Level
 Wereblood                Tmut           0%         N/A       91%         2
 Summon Hydra             Summ           0%         N/A       100%        7
 Borgnjor's Revivificati  Necr           0%         N/A       100%        8
 Necromutation            Tmut/Necr      0%         N/A       100%        8
 Death's Door             Necr           0%         N/A       100%        9
 Sublimation of Blood     Necr           Unusable   N/A       N/A         2

Dungeon Overview and Level Annotations

Branches:
Dungeon (6/15)
 Temple: D:4-7

Altars:
Uskayaw

Annotations:
D:6 Prince Ribbit


Innate Abilities, Weirdness & Mutations

You are immune to sickness and miasma.
Your stone body is resilient. (AC +5)
You are immune to poison.
You resist negative energy. (rN+)
You are resistant to electric shocks. (rElec)
You are resistant to unholy torment.
You are immune to petrification.


Message History

Unknown command.
You miss Prince Ribbit. You block Prince Ribbit's attack. x2
Unknown command.
You closely miss Prince Ribbit. Prince Ribbit closely misses you.
You slash Prince Ribbit!
Prince Ribbit is moderately wounded.
Prince Ribbit barely misses you. Prince Ribbit hits you.
You barely miss Prince Ribbit.
Prince Ribbit is moderately wounded.
Prince Ribbit blinks!
Prince Ribbit winks and puckers his lips.
Prince Ribbit catches a butterfly with his tongue.
Prince Ribbit hits you.
Prince Ribbit blinks!
Prince Ribbit hops awkwardly around.
Prince Ribbit blinks!
Prince Ribbit hops awkwardly around.
You see here a +0 hand axe.
You barely miss Prince Ribbit.
Prince Ribbit is moderately wounded.
Prince Ribbit barely misses you. Prince Ribbit closely misses you.
You slash Prince Ribbit!
Prince Ribbit is heavily wounded.
Prince Ribbit hits you! x2
You closely miss Prince Ribbit.
Prince Ribbit is heavily wounded.
Prince Ribbit hits you.
You slash Prince Ribbit!
Prince Ribbit is severely wounded.
Prince Ribbit hits you. Prince Ribbit barely misses you.
You closely miss Prince Ribbit.
Prince Ribbit is severely wounded.
You block Prince Ribbit's attack. x2
You miss Prince Ribbit.
Prince Ribbit is severely wounded.
Prince Ribbit hits you!
* * * LOW HITPOINT WARNING * * *
You closely miss Prince Ribbit.
Prince Ribbit is severely wounded.
Prince Ribbit hits you.
You die...

### #.. #.# ..###
### #... ..
###+#.####.#
#...F.#..#.##.###
+..@)............
#.....#..#.##.###
#.....#<.#.#
#....##.##.#
.......#.. .#
#.##....###### #.
#..... # #..#.##
... ..


You could see Prince Ribbit.

Vanquished Creatures
  A necrophage (D:5)
  A hornet zombie (D:6)
  2 ogres
  A water moccasin zombie (D:5)
  A wyvern skeleton (D:5)
  A water moccasin skeleton (D:5)
  2 hounds (D:5)
  An orc priest (D:4)
  A gnoll shaman (D:4)
  2 bullfrog skeletons (D:5)
  A centaur skeleton (D:6)
  3 iguanas
  A scorpion zombie (D:5)
  A killer bee zombie (D:6)
  6 gnolls
  12 adders
  An ufetubus (D:5)
  2 worms
  A dart slug (D:4)
  13 orcs
  A bat skeleton (D:2)
  8 endoplasms
  3 giant cockroaches
  8 goblins
  6 hobgoblins
  6 jackals
  7 quokkas
  13 ball pythons
  A ball python skeleton (D:2)
  2 bats
  2 frilled lizards
  5 kobolds
  6 rats
122 creatures vanquished.

Vanquished Creatures (others)
  4 withered plants (D:2)
4 creatures vanquished.

Grand Total: 126 creatures vanquished

Notes
Turn   | Place    | Note
-------+----------+-------------------------------------------
     0 | D:1      | bande the Gargoyle Fighter began the quest for the Orb.
     0 | D:1      | Reached XP level 1. HP: 14/14 MP: 1/1
     1 | D:1      | Noticed an electric eel
    37 | D:1      | Reached XP level 2. HP: 9/19 MP: 2/2
   463 | D:1      | Reached skill level 2 in Axes
   757 | D:1      | Reached XP level 3. HP: 20/23 MP: 3/3
  1355 | D:2      | Found a faded altar of an unknown god.
  1618 | D:2      | Reached XP level 4. HP: 29/29 MP: 4/4
  1764 | D:2      | Reached skill level 3 in Axes
  2076 | D:3      | Identified a scroll of acquirement
  2076 | D:3      | Acquired 956 gold pieces
  2341 | D:3      | Found a hide-covered altar of Uskayaw.
  2348 | D:3      | Reached XP level 5. HP: 33/33 MP: 5/5
  2631 | D:3      | You fall into a shaft and drop 3 floors!
  2712 | D:6      | Noticed Prince Ribbit
  2718 | D:6      | Noticed an ogre
  2740 | D:6      | Reached skill level 4 in Axes
  2746 | D:5      | Entered Level 5 of the Dungeon
  2749 | D:5      | Killed an ogre
  2750 | D:5      | Reached XP level 6. HP: 7/38 MP: 6/6
  4096 | D:4      | Reached skill level 5 in Axes
  4113 | D:4      | Reached XP level 7. HP: 18/44 MP: 7/7
  5487 | D:5      | Reached skill level 5 in Armour
  5682 | D:5      | Acquired 998 gold pieces
  5744 | D:5      | Reached skill level 6 in Axes
  5842 | D:5      | Reached skill level 5 in Fighting
  5852 | D:5      | Reached XP level 8. HP: 49/49 MP: 8/8
  6432 | D:5      | Identified the +2 leather armour of Submission {rPois rN+
                  | MP+9}
  6665 | D:6      | Slain by Prince Ribbit

Illustrated notes

Levels and vault maps discovered:
D:1:      arrival_aquarium_a, layout_loops_ring
D:2:      layout_loops_cross, serial_undead, serial_undead_a, serial_undead_b,
          serial_undead_c, serial_undead_c, hellmonk_ecumenical_altar_crossroads
D:3:      layout_basic, old_standard_altar
D:4:      minmay_bubble_buster, layout_rooms, serial_co_window_serial,
          co_window_corner_a, co_window_paths_a, co_window_cross_1,
          co_window_corner_a, co_window_paths_b, co_window_of_opportunity_a,
          co_window_corner_ca, co_window_broadway_c, co_window_of_opportunity_c,
          co_window_4corner_a, co_window_sun, glass_columns_b, glass_columns_c,
          glass_columns_c, glass_columns_a, glass_columns_b
D:5:      layout_loops_ring, serial_rivers, chequers_serial_rivers_marsh,
          chequers_serial_rivers_small_b, chequers_serial_rivers_micro_e,
          chequers_serial_rivers_room_b, chequers_serial_rivers_small_b,
          st_stairs_10
D:6:      layout_basic, minmay_temple_entry_antechambers, minmay_manual_moon,
          uniq_prince_ribbit1

Skill      XL: |  1  2  3  4  5  6  7 |
---------------+----------------------+-----
Axes           | 2 3 4 5 6 |  6.7
Armour         | 4 5 |  5.7
Fighting       | 4 5 |  5.2
Shields        | 4 |  4.4
Dodging        | |  0.2

Action                   |  1- 3 |  4- 6 |  7- 9 || total
-------------------------+-------+-------+-------++-------
Melee: War axe           |    64 |   214 |   138 ||   416
  Use: Scroll            |       |    12 |     2 ||    14
       Potion            |       |     2 |       ||     2
Armor: Scale mail        |    45 |   117 |    90 ||   252
Dodge: Dodged            |    36 |   134 |    72 ||   242
Block: Buckler           |    18 |    60 |    33 ||   111
